 Dungeon Crawl Stone Soup version 0.32-a0-986-ga09f62fbf4 (webtiles) character file.

Game seed: 12345529852524497423

70 GiantSquids the Changeling (level 4, -4/28 HPs)
             Began as an Octopode Shapeshifter on Apr 22, 2024.
             Slain by a centaur (6 damage)
             ... on level 3 of the Dungeon.
             The game lasted 00:03:35 (1781 turns).

GiantSquids the Changeling (Octopode Shapeshifter)  Turns: 1781, Time: 00:03:36

Health: -4/28      AC:  1    Str: 15    XL:     4   Next: 22%
Magic:  4/4        EV: 12    Int: 12    God:
Gold:   73         SH:  0    Dex: 11    Spells: 3/3 levels left

rFire   . . .        d - +0 dagger (venom)
rCold   . . .        (no shield)
rNeg    . . .        (helmet currently unavailable)
rPois   .            (no amulet)
rElec   .            (no ring)
rCorr   .            (no ring)
SInv    .            (no ring)
Will    .....        (no ring)
Stlth   +++          (no ring)
HPRegen 0.24/turn    (no ring)
MPRegen 0.09/turn    (no ring)
                     (no ring)

%: no passive effects
@: beast-form
A: beast (slay +2), almost no armour, amphibious, 8 rings, camouflage 1,
gelatinous body 1, (nimble swimmer 1), tentacles
a: Begin Untransformation


You were on level 3 of the Dungeon.
You were a hulking beast.
You visited 1 branch of the dungeon, and saw 3 of its levels.

You collected 73 gold pieces.

Inventory:

Hand Weapons
 d - a +0 dagger of venom (weapon)
Talismans
 b - a beast talisman (active)
 c - a flux talisman
Scrolls
 h - a scroll of brand weapon {unknown}
 i - a scroll of noise {unknown}
 j - 3 scrolls of identify {unknown}
 k - a scroll of amnesia {unknown}
 l - a scroll of fear {unknown}
 m - a scroll of vulnerability {unknown}
Potions
 a - a potion of lignification
 g - a potion of haste {unknown}
 n - a potion of degeneration {unknown}


   Skills:
 - Level 1.0 Fighting
 - Level 2.0 Dodging
 + Level 3.0 Stealth
 - Level 3.0 Unarmed Combat
 * Level 4.1 Shapeshifting


You had 3 spell levels left.
You didn't know any spells.
Your spell library was empty.

Dungeon Overview and Level Annotations

Branches:
Dungeon (3/15)

Altars:
Okawaru


Innate Abilities, Weirdness & Mutations

You are a hulking beast.
Your limbs bulge with bestial killing power. (Slay +2)
You cannot wear most types of armour.
You are amphibious.
You can wear up to eight rings at the same time.
Your skin changes colour to match your surroundings (Stealth+).
Your rubbery body absorbs attacks. (AC +1, EV +1)
((You are camouflaged when in or above water. (Stealth+)))
You have tentacles for arms and can constrict up to eight enemies at once.


Message History

The ball python hisses angrily.
The ball python bites you but does no damage.
The ball python closely misses you.
You hit the ball python. You grab the ball python.
The ball python is severely wounded.
You constrict the ball python.
You kill the ball python!
The centaur shouts!
The centaur wields a +0 shortbow.
The centaur shoots an arrow.
The arrow hits you!
The centaur shoots an arrow.
The arrow hits you.
The centaur unwields a +0 shortbow.
The centaur barely misses you. The centaur closely misses you.
The centaur barely misses you. The centaur misses you.
You closely miss the centaur. Your squeeze misses the centaur.
The centaur closely misses you. The centaur barely misses you.
You hit the centaur.
The centaur is moderately wounded.
The centaur closely misses you. The centaur kicks you.
* * * LOW HITPOINT WARNING * * *
The centaur barely misses you. x2
You closely miss the centaur.
The centaur is moderately wounded.
The centaur misses you. The centaur kicks you.
* * * LOW HITPOINT WARNING * * *
You hit the centaur but do no damage.
The centaur is moderately wounded.
The centaur misses you.
The centaur kicks you but does no damage.
The centaur hits you.
* * * LOW HITPOINT WARNING * * *
The centaur barely misses you.
You hit the centaur.
The centaur is poisoned.
Your squeeze misses the centaur.
The centaur is moderately wounded.
The centaur closely misses you. The centaur completely misses you.
You hit the centaur but do no damage.
The centaur looks as sick as possible!
You squeeze the centaur!
The centaur is almost dead.
The centaur hits you.
You die...

#. . #. .
#.####.#
#....#.#
....... .....
.# #.#c# .# #
#.#h# .# .#
#.#.##.#..#
#.........#.#
#............
##......##...
##.##......
#)# ####.#
#.# # ###
.######†#


You could see a centaur (extremely poisoned).

Vanquished Creatures
  3 adders (D:2)
  2 dart slugs (D:2)
  A ribbon worm (D:2)
  An orc (D:3)
  3 ball pythons
  5 bats
  3 endoplasms (D:1)
  A giant cockroach (D:2)
  5 goblins
  5 hobgoblins
  3 kobolds
  3 rats
35 creatures vanquished.

Notes
Turn   | Place    | Note
-------+----------+-------------------------------------------
     0 | D:1      | GiantSquids the Octopode Shapeshifter began the quest for
                  | the Orb.
     0 | D:1      | Reached XP level 1. HP: 13/13 MP: 1/1
   197 | D:1      | Reached skill level 1 in Stealth
   201 | D:1      | Reached XP level 2. HP: 13/18 MP: 2/2
  1060 | D:2      | Reached XP level 3. HP: 23/23 MP: 3/3
  1419 | D:2      | Reached skill level 4 in Shapeshifting
  1481 | D:2      | Reached XP level 4. HP: 6/28 MP: 4/4
  1747 | D:3      | Found an iron altar of Okawaru.
  1769 | D:3      | Noticed a centaur
  1781 | D:3      | Slain by a centaur

Illustrated notes

Levels and vault maps discovered:
D:1:      scummos_arrival_gate, layout_basic
D:2:      layout_loops_corners
D:3:      layout_loops_ring, grunt_temple_overflow_open,
          mainiacjoe_overflow_brackets,
          mainiacjoe_sewer_entry_somewhere_in_here_2, minmay_close_crescents,
          uniq_natasha, uniq_grinder

Skill      XL: |  1  2  3  4 |
---------------+-------------+-----
Stealth        | 1 2 3 |  3.0
Shapeshifting  | 4 |  4.1
Fighting       | |  1.0
Dodging        | |  2.0
Unarmed Combat | |  3.0

Action                     |  1- 3 |  4- 6 || total
---------------------------+-------+-------++-------
  Melee: Dagger            |    52 |    12 ||    64
         Constrict         |    16 |     2 ||    18
         Tentacles         |     7 |     1 ||     8
         Unarmed           |     2 |       ||     2
    Use: Potion            |       |     2 ||     2
   Stab: Sleeping          |     7 |     1 ||     8
 Armour: Skin              |    27 |    11 ||    38
  Dodge: Dodged            |    28 |    16 ||    44

Table legend: (Time is in decaauts)
 A = Elapsed time spent in this place.
 B = Non-inter-level travel time spent in this place.
 C = Inter-level travel time spent in this place.
 D = Time resting spent in this place.
 E = Time spent auto-exploring this place.
 F = Levels seen in this place.
 G = Mean time per level.
                   A        B        C        D        E       F      G
               +--------+--------+--------+--------+--------+-----+--------+
         Total |   1780 |   1728 |     52 |      0 |   1449 |   3 |  593.3 |
       Dungeon |   1780 |   1728 |     52 |      0 |   1449 |   3 |  593.3 |
               +--------+--------+--------+--------+--------+-----+--------+

Top non-repeatable levels by time:
     D:2: 1033 daAuts
     D:1: 705 daAuts
     D:3: 40 daAuts
